 Dungeon Crawl Stone Soup version 0.31.0-9-g3a7656b989 (webtiles) character file.

Game seed: 14119228950373574577

191 puppykicker the Ducker (level 5, -2/57 HPs)
             Began as a Merfolk Air Elementalist on Jan 24, 2024.
             Slain by Crazy Yiuf
             ... wielding a +2 quarterstaff of chaos
              (12 damage)
             ... on level 3 of the Dungeon.
             The game lasted 00:17:00 (3007 turns).

puppykicker the Ducker (Merfolk Air Elementalist)   Turns: 3007, Time: 00:17:00

Health: -2/57      AC:  5    Str: 11    XL:     5   Next: 70%
Magic:  1/8        EV: 13    Int: 14    God:
Gold:   135        SH:  0    Dex: 14    Spells: 3/9 levels left

rFire   . . .        a - +0 spear
rCold   . . .        (no shield)
rNeg    . . .        g - +0 robe
rPois   .            x - +0 helmet
rElec   .            v - +0 cloak
rCorr   .            (no gloves)
SInv    .            n - +0 pair of boots
Will    .....        o - amulet of magic regeneration Stlth
                     W - ring of wizardry {Wiz+}
HPRegen 0.29/turn    (no ring)
MPRegen 0.51/turn

%: wizardry (x1)
@: berserking, lethally poisoned (-2 -> -10), sluggish, very slightly
contaminated, quick
A: (nimble swimmer 2), mertail
a: no special abilities


You were on level 3 of the Dungeon.
You visited 1 branch of the dungeon, and saw 3 of its levels.

You collected 135 gold pieces.

Inventory:

Hand Weapons
 a - a +0 spear (weapon)
 b - a +0 sling
 w - a +0 halberd
Missiles
 d - 6 poisoned darts (quivered)
Armour
 c - a +0 ring mail
 g - a +0 robe (worn)
 n - a +0 pair of boots (worn)
 v - a +0 cloak (worn)
 x - a +0 helmet (worn)
Jewellery
 o - an amulet of magic regeneration (around neck)
 W - a ring of wizardry (left hand) {Wiz+}
Wands
 j - a wand of charming (12)
Scrolls
 f - a scroll of blinking {unknown}
 h - a scroll of revelation
 k - a scroll of enchant armour {unknown}
 l - a scroll of enchant weapon {unknown}
 m - 3 scrolls of immolation {unknown}
 p - a scroll of fog {unknown}
 q - a scroll of poison {unknown}
 u - a scroll of identify {unknown}
Potions
 e - a potion of berserk rage {!q}
 i - a potion of heal wounds {unknown}
 r - a potion of magic
 s - a potion of curing
 t - a potion of cancellation {unknown}


   Skills:
 - Level 2.0 Fighting
 * Level 1.3 Polearms
 + Level 1.4 Armour
 + Level 3.6 Dodging
 - Level 3.0 Stealth
 - Level 2.5 Spellcasting
 + Level 1.5 Conjurations
 - Level 3.0 Air Magic


You had 3 spell levels left.
You knew the following spells:

 Your Spells              Type           Power      Damage    Failure   Level
a - Shock                 Conj/Air       32%        1d5       3%          1
b - Static Discharge      Conj/Air       16%        3-4/arc   6%          2
m - Swiftness             Air            10%        N/A       9%          3

Your spell library contained the following spells:

 Spells                   Type           Power      Damage    Failure   Level
 Airstrike                Air            5%         2d(1-17)  26%         4
 Animate Dead             Necr           1%         N/A       63%         4
 Haunt                    Necr/Summ      0%         N/A       100%        7
 Infestation              Necr           0%         N/A       100%        8


Dungeon Overview and Level Annotations

Branches:
Dungeon (3/15)

Altars:
Qazlal
Wu Jian
Yredelemnul

Shops:
D:3 :

Annotations:
D:2 exclusion: 2 gnolls
D:3 Crazy Yiuf, Sigmund


Innate Abilities, Weirdness & Mutations

((You are very nimble when in or above water. (Stealth+, EV+, Speed+++)))
Your lower body shifts to a powerful aquatic tail in water.


Message History

Crazy Yiuf freezes you.
You take 15 damage, and have 23/38 hp.
MASSIVE DAMAGE!!
You now have 3/8 mp.
Casting: Static Discharge (safe; 6% risk of failure)
Confirm with . or Enter, or press ? or * to list all spells.
Crazy Yiuf is struck by an arc of lightning.
Crazy Yiuf is heavily wounded.
You are struck by an arc of lightning.
Crazy Yiuf is struck by an arc of lightning.
Crazy Yiuf is severely wounded.
The lightning grounds out.
* * * LOW MAGIC WARNING * * *
Crazy Yiuf hits you but does no damage.
You now have 2/8 mp.
Casting: Static Discharge (safe; 6% risk of failure)
Confirm with . or Enter, or press ? or * to list all spells.
Crazy Yiuf is struck by an arc of lightning.
Crazy Yiuf is almost dead.
You are struck by an arc of lightning.
The lightning grounds out.
* * * LOW MAGIC WARNING * * *
You feel sluggish. Crazy Yiuf misses you.
You take 1 damage, and have 22/38 hp.
You now have 0/8 mp.
You barely miss Crazy Yiuf.
Crazy Yiuf is almost dead.
Crazy Yiuf screams, "Mama agre poople!"
Crazy Yiuf hits you with a +2 quarterstaff of chaos!
* * * LOW HITPOINT WARNING * * *
You are lethally poisoned!
You take 14 damage, and have 8/38 hp.
MASSIVE DAMAGE!!
It was a potion of berserk rage.
A red film seems to cover your vision as you go berserk!
You feel yourself moving faster!
You feel mighty!
* * * LOW HITPOINT WARNING * * *
You feel very sick.
Crazy Yiuf laughs, "Shadow!"
Crazy Yiuf hits you with a +2 quarterstaff of chaos!
You die...

#.#.## #.....#
..#.# #.....#
..#.###
#.....####
#.....#
#........#
#######
########.# #.##
♣♣♣♣♣##..# ###
♣♣♣.♣....#.#
#...#♣g.♣....g@.#
#...'.♣♣♣♣......#
#)..#♣♣ ♣♣....##
### ♣♣#### ###
######.# .......#


You could see Crazy Yiuf.

Levels and vault maps discovered:
D:1:      lightli_arrival_maybe_door_vault, layout_basic, st_stairs_11
D:2:      minmay_spotlight, layout_basic, basic_altar, minmay_divided_ellipse
D:3:      layout_loops_cross, nicolae_overflow_squiral, serial_shops,
          nicolae_shop_gibbet_a_chance, chequers_hall_statues_wall_a,
          uniq_grinder, uniq_sigmund, uniq_crazy_yiuf_cottage, uniq_robin,
          uniq_ijyb

Notes
Turn   | Place    | Note
-------+----------+-------------------------------------------
     0 | D:1      | puppykicker the Merfolk Air Elementalist began the quest
                  | for the Orb.
     0 | D:1      | Reached XP level 1. HP: 13/13 MP: 3/3
    15 | D:1      | Identified a +0 ring mail
   224 | D:1      | Identified a ring of wizardry
   375 | D:1      | Reached XP level 2. HP: 16/20 MP: 0/5
   431 | D:1      | Identified a +0 dagger
   433 | D:1      | Reached skill level 1 in Conjurations
   485 | D:1      | Identified a +0 club
   590 | D:1      | Identified a +0 short sword
   806 | D:1      | Identified a +0 club
   813 | D:1      | Learned a level 2 spell: Static Discharge
   944 | D:2      | Identified a +0 dagger
   955 | D:2      | Identified a +0 club
   962 | D:2      | Identified a potion of curing
   972 | D:2      | Reached skill level 1 in Fighting
   972 | D:2      | Reached skill level 3 in Dodging
   972 | D:2      | Reached XP level 3. HP: 21/26 MP: 0/6
  1027 | D:2      | Identified 2 scrolls of revelation
  1056 | D:2      | Identified a +0 pair of boots
  1175 | D:2      | Identified an amulet of magic regeneration
  1189 | D:2      | Learned a level 3 spell: Swiftness
  1222 | D:2      | Found an ornate altar of the Wu Jian Council.
  1258 | D:2      | Identified a +0 short sword
  1316 | D:2      | Identified a +0 halberd
  1336 | D:2      | Identified a +0 club
  1346 | D:2      | Reached XP level 4. HP: 32/32 MP: 5/7
  1347 | D:2      | Identified a +0 scale mail
  1357 | D:2      | Identified a +0 spear
  1570 | D:2      | Identified a +0 sling
  1853 | D:3      | Found Lerib's Book Emporium.
  1908 | D:3      | Noticed Grinder
  1934 | D:3      | Identified a +0 scythe of flaming
  1934 | D:3      | Identified a +0 robe
  1934 | D:3      | Noticed Sigmund
  1942 | D:3      | Identified a +0 dagger
  2095 | D:3      | Identified a +0 flail
  2195 | D:3      | Reached skill level 1 in Armour
  2470 | D:3      | Identified a +0 cloak
  2500 | D:3      | Found a runed translucent door.
  2501 | D:3      | Identified a +2 quarterstaff of chaos
  2501 | D:3      | Identified a +1 cloak of stealth
  2501 | D:3      | Noticed Crazy Yiuf
  2531 | D:3      | Identified a +0 dagger
  2533 | D:3      | Identified a +0 spear
  2533 | D:3      | Identified a +0 animal skin
  2533 | D:3      | Identified a +0 helmet
  2533 | D:3      | Noticed Robin
  2533 | D:3      | Identified a +0 dagger
  2537 | D:3      | Identified a +0 dagger
  2538 | D:3      | Identified a +0 dagger
  2539 | D:3      | Identified a +0 club
  2539 | D:3      | Identified a +0 sling
  2541 | D:3      | Identified a +0 dagger
  2554 | D:3      | Killed Robin
  2555 | D:3      | Reached XP level 5. HP: 30/38 MP: 0/8
  2607 | D:3      | Found a stormy altar of Qazlal.
  2609 | D:3      | Found a basalt altar of Yredelemnul.
  2646 | D:3      | Identified a +0 flail
  2647 | D:3      | Identified a +0 halberd
  2660 | D:3      | Identified a +0 whip
  2670 | D:3      | Reached skill level 3 in Stealth
  2704 | D:3      | Reached skill level 3 in Air Magic
  2791 | D:3      | Identified a +0 club
  2791 | D:3      | Identified a +0 scale mail
  2791 | D:3      | Noticed Ijyb
  2811 | D:3      | Killed Ijyb
  2812 | D:3      | Reached skill level 2 in Fighting
  2812 | D:3      | Reached skill level 1 in Polearms
  2844 | D:3      | Identified a +0 robe
  3006 | D:3      | HP: 8/38 [Crazy Yiuf/+2 quarterstaff of chaos (14)]
  3007 | D:3      | Identified 2 potions of berserk rage
  3007 | D:3      | Slain by Crazy Yiuf

Table legend: (Time is in decaauts)
 A = Elapsed time spent in this place.
 B = Non-inter-level travel time spent in this place.
 C = Inter-level travel time spent in this place.
 D = Time resting spent in this place.
 E = Time spent auto-exploring this place.
 F = Levels seen in this place.
 G = Mean time per level.
                   A        B        C        D        E       F      G
               +--------+--------+--------+--------+--------+-----+--------+
         Total |   2990 |   2831 |    159 |    652 |   1445 |   3 |  996.7 |
       Dungeon |   2990 |   2831 |    159 |    652 |   1445 |   3 |  996.7 |
               +--------+--------+--------+--------+--------+-----+--------+

Top non-repeatable levels by time:
     D:3: 1049 daAuts
     D:2: 1035 daAuts
     D:1: 905 daAuts

Table legend:
 A = Kills in this place as a percentage of kills in the entire game.
 B = Kills by you in this place as a percentage of kills by you in the entire game.
 C = Kills by friends in this place as a percentage of kills by friends in the entire game.
 D = Other kills in this place as a percentage of other kills in the entire game.
 E = Experience gained in this place as a percentage of experience gained in the entire game.
 F = Experience gained in this place divided by the number of levels of this place that you have seen.
                   A       B       C       D       E      F
               +-------+-------+-------+-------+-------+----------------------
         Total | 100.0 | 100.0 |   N/A |   N/A | 100.0 |  91.0
       Dungeon | 100.0 | 100.0 |   N/A |   N/A | 100.0 |  91.0
               +-------+-------+-------+-------+-------+----------------------

Skill      XL: |  1  2  3  4  5 |
---------------+----------------+-----
Conjurations   | 1 |  1.5
Fighting       | 1 2 |  2.0
Dodging        | 3 |  3.6
Armour         | 1 |  1.4
Stealth        | 3 |  3.0
Air Magic      | 3 |  3.0
Polearms       | 1 |  1.3
Spellcasting   | |  2.5

Action                     |  1- 3 |  4- 6 || total
---------------------------+-------+-------++-------
  Melee: Unarmed           |    11 |       ||    11
         Punch             |     1 |       ||     1
         Short sword       |    50 |    54 ||   104
         Dagger            |     3 |       ||     3
         Spear             |       |    17 ||    17
   Fire: Sling             |       |     2 ||     2
  Throw: Dart              |     1 |     3 ||     4
   Cast: Shock             |    51 |    74 ||   125
         Swiftness         |       |     2 ||     2
         Static Discharge  |       |     3 ||     3
    Use: Potion            |     1 |     1 ||     2
         Scroll            |     1 |       ||     1
   Stab: Sleeping          |     3 |     3 ||     6
 Armour: Robe              |    53 |    57 ||   110
  Dodge: Dodged            |    58 |    94 ||   152

Vanquished Creatures
  Ijyb (D:3)
  Robin (D:3)
  5 adders
  3 gnolls (D:3)
  3 dart slugs
  An orc (D:3)
  3 ball pythons
  10 endoplasms
  3 giant cockroaches
  10 goblins
  4 hobgoblins (D:3)
  3 jackals (D:3)
  A quokka (D:1)
  8 bats
  5 frilled lizards
  4 kobolds
  6 rats
71 creatures vanquished.
